 Dungeon Crawl Stone Soup version 0.27.0-1-g7a089689b8 (webtiles) character file.

Game seed: 12839849887945677353

40 inmateoo the Ruffian (level 3, 0/27 HPs)
             Began as a Palentonga Transmuter on Aug 2, 2021.
             Slain by an adder (4 damage)
             ... on level 2 of the Dungeon.
             The game lasted 00:01:18 (1819 turns).

inmateoo the Ruffian (Palentonga Transmuter)        Turns: 1819, Time: 00:01:18

Health: 0/27       AC:  4    Str: 13    XL:     3   Next: 30%
Magic:  3/6        EV: 10    Int: 14    God:
Gold:   41         SH:  0    Dex: 10    Spells: 0/6 levels left

rFire    . . .     SeeInvis +     - Unarmed
rCold    . . .     Faith    .   (no shield)
rNeg     . . .     Spirit   .   a - +0 robe
rPois    .         Reflect  .   (no helmet)
rElec    .         Harm     .   (no cloak)
rCorr    .         Rampage  .   (no gloves)
Will     .....                  (no barding)
Stlth    +.........             f - amulet of the acrobat
HPRegen  0.09/turn              (no ring)
MPRegen  0.10/turn              (no ring)

@: lethally poisoned (0 -> -5), wereblooded
A: large, rugged brown scales 3, see invisible, deformed body, roll 1, armoured
tail
a: Rolling Charge


You were on level 2 of the Dungeon.
You visited 1 branch of the dungeon, and saw 2 of its levels.

You collected 41 gold pieces.

Inventory:

Armour
 a - a +0 robe (worn)
Jewellery
 f - an amulet of the acrobat (around neck)
Wands
 h - a wand of charming (9)
Scrolls
 b - a scroll of brand weapon {unknown}
 c - 2 scrolls of teleportation {unknown}
 d - a scroll of amnesia {unknown}
 e - a scroll of blinking {unknown}
 i - a scroll of fog {unknown}
Potions
 g - a potion of heal wounds {unknown}


   Skills:
 + Level 1.6 Fighting
 + Level 2.0 Dodging
 + Level 3.3 Unarmed Combat
 + Level 2.3 Spellcasting
 + Level 2.4 Transmutations


You couldn't memorise any spells.
You knew the following spells:

 Your Spells              Type           Power      Damage    Failure   Level
a - Beastly Appendage     Tmut           16%        N/A       9%          1
b - Wereblood             Tmut           8%         N/A       13%         2
c - Spider Form           Tmut/Pois      2%         N/A       38%         3

Your spell library contained the following spells:

 Spells                   Type           Power      Damage    Failure   Level
 Ice Form                 Ice/Tmut       5%         N/A       80%         4


Dungeon Overview and Level Annotations

Branches:
Dungeon (2/15)

Altars:
Dithmenos


Innate Abilities, Weirdness & Mutations

You are completely covered in rugged brown scales. (AC +3, +7% HP)
You have supernaturally acute eyesight. (SInv)
Armour fits poorly on your strangely shaped body.
You can roll at nearby foes to attack.
You have a long armoured tail.


Message History

The adder is moderately wounded.
The adder closely misses you.
Casting: Wereblood (safe; 13% risk of failure)
Confirm with . or Enter, or press ? or * to list all spells.
Your blood is infused with primal strength.
The adder closely misses you.
You hit the adder. Your kick misses the adder.
The adder is almost dead.
The adder closely misses you. The adder bites you but does no damage.
You are too injured to fight recklessly!
You closely miss the adder. Your headbutt misses the adder.
The adder is almost dead.
The adder bites you.
You are too injured to fight recklessly!
You completely miss the adder.
The adder is almost dead.
Your horns disappear.
Your talons disappear.
The adder barely misses you.
You hit the adder but do no damage.
The adder is almost dead.
The adder bites you but does no damage.
You are too injured to fight recklessly!
You barely miss the adder.
The adder is almost dead.
The adder completely misses you. The adder bites you.
* * * LOW HITPOINT WARNING * * *
You are poisoned.
The adder poisons you!
You miss the adder.
The adder is almost dead.
You feel sick. The adder bites you.
* * * LOW HITPOINT WARNING * * *
You are lethally poisoned!
The adder poisons you!
Unknown command.
You barely miss the adder.
The adder is almost dead.
* * * LOW HITPOINT WARNING * * *
You feel sick. The adder bites you.
You die...

#....#.###.#.##.#>.[..#####
#...(.............>...##...
##...#.###.#.##.#)....##.##
#####.# #.#.##.#.....##.##
#....# #....รท.########.##
.###### ###.###########.##
...## #.####..........
#....#####......#####.###
#....@S..##..#####.###
#....#####......##.......
...## #....#..##.##.### .
#.##.#..##.##.#
#.............#
#.####.######## #.####.#
#......# ########


You could see an adder.

Vanquished Creatures
  A gnoll (D:1)
  An adder (D:2)
  A dart slug (D:1)
  6 endoplasms
  A giant cockroach (D:2)
  2 jackals (D:2)
  A bat (D:1)
  A frilled lizard (D:1)
  2 kobolds
  4 rats
20 creatures vanquished.

Notes
Turn   | Place    | Note
-------+----------+-------------------------------------------
     0 | D:1      | inmateoo the Palentonga Transmuter began the quest for the
                  | Orb.
     0 | D:1      | Reached XP level 1. HP: 16/16 MP: 3/3
    98 | D:1      | Found a faded altar of an unknown god.
   364 | D:1      | Reached XP level 2. HP: 16/22 MP: 3/5
   477 | D:1      | Learned a level 2 spell: Wereblood
  1379 | D:2      | Found a shadowy altar of Dithmenos.
  1440 | D:2      | Reached XP level 3. HP: 14/27 MP: 4/6
  1451 | D:2      | Learned a level 3 spell: Spider Form
  1819 | D:2      | Slain by an adder

Illustrated notes

Levels and vault maps discovered:
D:1:      dpeg_arrival_stonehenge_8_columns, layout_basic, serial_rivers,
          chequers_serial_rivers_small_a, chequers_serial_rivers_small_a,
          chequers_serial_rivers_marsh, chequers_serial_rivers_micro_b,
          chequers_serial_rivers_small_a, chequers_serial_rivers_large_a,
          ebering_ecumenical_altar_rust, chequers_serial_rivers_room_a
D:2:      minmay_general_purpose_star, layout_loops_cross, basic_altar,
          uniq_robin

Skill      XL: |  1  2  3 |
---------------+----------+-----
Dodging        | 2 |  2.0
Fighting       | |  1.6
Unarmed Combat | |  3.3
Spellcasting   | |  2.3
Transmutations | |  2.4

Action                   || total
-------------------------++-------
Melee: Unarmed           ||    97
       Headbutt          ||     5
       Kick              ||     6
       Tailslap          ||     5
 Cast: Beastly Appendage ||    12
       Wereblood         ||     3
 Stab: Sleeping          ||     1
Armor: Robe              ||    26
Dodge: Dodged            ||    46
